[Event "*** Titled Tuesday Blitz"]
[Site "Chess.com"]
[Date "2020.11.24"]
[Round "4"]
[White "Oglob71"]
[Black "GMKrikor"]
[Result "0-1"]
[WhiteElo "2399"]
[BlackElo "2730"]
[TimeControl "180+1"]
[EndTime "10:55:51 PST"]
[Termination "GMKrikor won by resignation"]

1. d4 Nf6 2. Nf3 g6 3. c4 Bg7 4. Nc3 d5 5. Bg5 dxc4 6. e4 c5 7. d5 b5 8. d6 Bb7 9. e5 Ne4 10. Nxe4 Bxe4 11. a4 Qa5+ 12. Bd2 b4 13. Bxc4 exd6 14.
O-O O-O 15. Ng5 d5 16. Nxe4 dxc4 17. Nd6 Nc6 18. f4 Nd4 19. Be3 c3 20. bxc3 bxc3 21.
Bxd4 cxd4 22. Qxd4 Rab8 23. Rac1 Rb3 24. Rc2 Rb4 25.
Qxc3 Qb6+ 26. Qc5 Rxa4 27. Rc3 Qb2 28. Rc2 Qb3 29. Qc3 Qd5 30. Rd2 Qe6 31. Qc2 Ra3 32. Qe4 a5 33. Rb1 Rb3 34. Ra1 Rb4 35. Qf3 Rxf4 36.
Qxf4 Bxe5 37. Re2 Bxf4 38. Rxe6 fxe6 39. Nc4 Bc7 40. g3 Ra8 41. Ra4 Kf7 42. Kf2 Ke7 43. Ke3 Kd7 44. Kd4 Kc6 45. Na3 Bd6 46. Rc4+ Kd7 47.
Nb5 a4 48. Rc2 a3 49. Ra2 Ra5 50. Kc4 Ra4+ 51. Kc3 Kc6 52. Nd4+ Kd5 53. Nc2 Ra8 54. Kd3 Bc5 55. Na1 e5 56. Nb3 Bb4 57. Na1 e4+ 58. Ke2 Bc5 59. Nc2 Kc4 60. Ra1 Kb3 61. Kd1 Rd8+ 62. Kc1 Rf8 63. Rb1+ Kc3 64. Ne1 Rf1 65. Kd1 Bf2 66. Rc1+ Kb3 67. Ke2 Rxe1+ 68. Rxe1 Bxe1 69. Kxe1 a2 0-1

[Event "*** Titled Tuesday Blitz"]
[Site "Chess.com"]
[Date "2020.11.24"]
[Round "4"]
[White "JulAnt"]
[Black "kinga2008"]
[Result "1-0"]
[WhiteElo "2438"]
[BlackElo "2180"]
[TimeControl "180+1"]
[EndTime "10:55:51 PST"]
[Termination "JulAnt won by resignation"]

1. e4 c5 2. Nf3 Nc6 3. d4 cxd4 4.
Nxd4 e5 5. Nb5 a6 6. Nd6+ Bxd6 7.
Qxd6 Qf6 8. Qd1 Qg6 9. f3 Nge7 10. Be3 O-O 11. Nc3 d5 12. exd5 Nb4 13. Bd3 Nxd3+ 14.
Qxd3 Bf5 15. Qd2 Bxc2 16. O-O Rad8 17. Rac1 Bd3 18. Rfd1 Bc4 19. Bc5 Rfe8 20. Bxe7 Rxe7 21. b3 Bb5 22. Nxb5 axb5 23. Rc5 Qb6 24. b4 Red7 25. Kh1 h6 26. h3 Rc7 27. Rdc1 Rdc8 28. d6 Rxc5 29. bxc5 Qc6 30. Qe3 b6 31. Qxe5 bxc5 32. Rd1 Rd8 33. d7 Qb6 34. Qe8+ Kh7 35. Qxf7 Qg6 36.
Qe7 Qf6 37. Qxc5 Qb2 38. Qf5+ g6 39. Qf7+ Qg7 40. Qe6 b4 41. Qd6 Qf7 42. Qxb4 Rxd7 43.
Rxd7 Qxd7 44. a4 Qd1+ 45. Kh2 Qd5 46. Qf4 g5 47. Qc7+ Kg6 48. a5 Qd3 49. Qb6+ Kg7 50. a6 Qc4 51. Qd6 Qa4 52. Qc7+ Kg6 53. a7 Kh5 54. Qb8 g4 55. hxg4+ Kh4 56. a8=Q Qf4+ 57. Qxf4 h5 58. gxh5+ 1-0

[Event "*** Titled Tuesday Blitz"]
[Site "Chess.com"]
[Date "2020.11.24"]
[Round "4"]
[White "cukin84"]
[Black "No_t_ime_to_die"]
[Result "0-1"]
[WhiteElo "2152"]
[BlackElo "2415"]
[TimeControl "180+1"]
[EndTime "10:55:51 PST"]
[Termination "No_t_ime_to_die won by resignation"]

1. e4 c5 2. Nc3 Nc6 3. Bb5 g6 4. Bxc6 dxc6 5. d3 Bg7 6. f4 Nf6 7. Nf3 O-O 8. O-O Bg4 9. Be3 b6 10. Kh1 Ne8 11. Qe1 Nc7 12. h3 Bxf3 13. Rxf3 Ne6 14.
f5 Nd4 15. Rf2 b5 16. Nd1 gxf5 17. exf5 Qd5 18. Qf1 b4 19. b3 Nxc2 20. Rxc2 Bxa1 21. Rxc5 Qd6 22. d4 Bxd4 23. Bxd4 Qxd4 24. Rc4 Qf6 25.
Ne3 Rfd8 26. Qf3 Qa1+ 27. Kh2 Qe5+ 28. Kg1 Rd3 29. Re4 Qc5 30. Kh2 Kh8 31. Qf4 Qd6 32. Qxd6 exd6 33. Ng4 Rd2 34. Rxb4 Rxa2 35. Rb7 Kg7 36.
f6+ Kg6 37. Rd7 d5 38. Ne5+ Kxf6 39. Nxc6 Ke6 40. Rb7 Kd6 41. Nd4 Rd2 42. Nf3 Rb2 43. Rxf7 Rxb3 44. Rxh7 a5 45. Rh6+ Kc5 46. Ne5 a4 47. Nd7+ Kd4 48. Rh4+ Kc3 49. Nc5 Rb4 50. Rh5 Kc4 51. Nd7 Rb5 52. Rh6 a3 53. Ne5+ Kd4 54.
Nf3+ Kc3 55. Rc6+ Kb2 56. Nd4 a2 57. Rc2+ Kb1 58. Rxa2 Rxa2 59. Nxb5 Kc2 60. h4 Kd3 61. h5 Kc4 62. Nd6+ Kc5 63. Nf5 d4 64. Nxd4 Kxd4 65. Kh3 Ke5 66. g4 Kf6 67. Kh4 Ra4 68.
Kg3 Kg5 69. Kf3 Rxg4 70. h6 Rh4 0-1

[Event "*** Titled Tuesday Blitz"]
[Site "Chess.com"]
[Date "2020.11.24"]
[Round "4"]
[White "LiderChessAcademy"]
[Black "FMAntonio"]
[Result "1-0"]
[WhiteElo "2551"]
[BlackElo "2364"]
[TimeControl "180+1"]
[EndTime "10:55:52 PST"]
[Termination "LiderChessAcademy won on time"]

1. d4 Nf6 2. c4 e6 3. Nf3 c5 4.
d5 exd5 5. cxd5 d6 6. Nc3 g6 7. Bf4 a6 8. a4 Bg7 9. e3 O-O 10.
h3 Qe7 11. Nd2 Nbd7 12. Be2 Ne8 13. Nc4 Ne5 14. Nb6 Rb8 15. a5 Bd7 16. O-O g5 17. Bh2 f5 18. Re1 h6 19. f4 Ng6 20.
Bd3 Nf6 21. Qc2 Nh4 22. Bg3 Nh5 23. Bxh4 gxh4 24. Qf2 Bxc3 25. bxc3 Ng3 26. Nxd7 Qxd7 27. e4 fxe4 28. Bxe4 Qg7 29. Qf3 Kh8 30. Bc2 Rfe8 31. Re6 Rxe6 32. dxe6 Qf6 33. Re1 Re8 34. f5 Re7 35.
Qg4 h5 36. Qf4 Qxc3 37. Qh6+ Kg8 38. Qg5+ Rg7 39. Qd8+ Kh7 40. f6+ Qxc2 41. fxg7 Kxg7 42. Qg5+ Kh7 43. e7 Qc3 44. Qe3 Qxe3+ 45. Rxe3 1-0

[Event "*** Titled Tuesday Blitz"]
[Site "Chess.com"]
[Date "2020.11.24"]
[Round "4"]
[White "Gerodot71"]
[Black "inegrepus"]
[Result "1-0"]
[WhiteElo "2472"]
[BlackElo "2221"]
[TimeControl "180+1"]
[EndTime "10:55:52 PST"]
[Termination "Gerodot71 won on time"]

1. d4 Nf6 2. c4 c5 3. d5 b5 4.
cxb5 a6 5. e3 axb5 6. Bxb5 g6 7.
Nc3 Bg7 8. Nf3 O-O 9. O-O d6 10. e4 Ba6 11. Qe2 Bxb5 12. Nxb5 Na6 13. Nc3 Qb6 14. h3 Rfb8 15. e5 dxe5 16. Nxe5 Nb4 17. Rd1 Qa6 18. Nc4 Rd8 19. a3 Nbxd5 20. Bd2 Qb7 21. Rab1 e6 22. Bg5 Qb3 23. Ne4 Rdc8 24. Ned6 Rcb8 25. Rd3 Qa4 26. Re1 h6 27. Bc1 Qd7 28.
Ne4 Qc7 29. Nxf6+ Nxf6 30. Rf3 Rf8 31. Bf4 Qc6 32. Ne5 Qb7 33. Bxh6 Nd5 34. Bxg7 Kxg7 35. Ng4 Rab8 36. Qe5+ Kh7 37. Nf6+ Nxf6 38. Qxf6 Qxb2 39. Re5 Qb1+ 40. Kh2 Rbd8 41. Rf4 Rd1 42. Rh4+ 1-0

[Event "*** Titled Tuesday Blitz"]
[Site "Chess.com"]
[Date "2020.11.24"]
[Round "4"]
[White "sorrm8thatscheckm8"]
[Black "VladimirBugayev"]
[Result "1-0"]
[WhiteElo "2495"]
[BlackElo "2313"]
[TimeControl "180+1"]
[EndTime "10:55:52 PST"]
[Termination "sorrm8thatscheckm8 won on time"]

1. d4 Nf6 2. c4 c5 3. d5 b5 4.
cxb5 a6 5. bxa6 Bxa6 6. Nc3 d6 7. e4 Bxf1 8. Kxf1 g6 9. g3 Bg7 10. Kg2 O-O 11. Nf3 Qb6 12. a4 Na6 13. Qe2 Nd7 14. Nd2 Qb4 15. a5 Nc7 16. Ra4 Qb7 17.
Nc4 e6 18. Nxd6 Qb8 19. dxe6 Nxe6 20. Nc4 Nd4 21. Qd3 f5 22. Bf4 Qb3 23. Ra3 Qb7 24. Nd6 Qxb2 25. Ra2 fxe4 26. Ndxe4 Qb7 27. Rb1 Qc6 28. f3 c4 29. Qd1 h6 30. Rd2 g5 31.
Rxd4 Bxd4 32. Qxd4 gxf4 33. Nd5 Qe6 34. Nxf4 Rxf4 35.
gxf4 Rxa5 36. Kh1 Qf7 37. Qxd7 Qxd7 38. Nf6+ Kf7 39. Nxd7 Ke6 40. Ne5 Kf5 41. Nxc4 Ra2 42. Rb2 Ra1+ 43. Kg2 Kxf4 44. Nd2 Ra7 45. Rb4+ Ke3 46.
Nf1+ Ke2 47. Re4+ Kd3 48. Re6 Rg7+ 49. Ng3 h5 50. h4 1-0

[Event "*** Titled Tuesday Blitz"]
[Site "Chess.com"]
[Date "2020.11.24"]
[Round "4"]
[White "GM_Levan_Pantsulaia"]
[Black "Evgeny81"]
[Result "1-0"]
[WhiteElo "2840"]
[BlackElo "2720"]
[TimeControl "180+1"]
[EndTime "10:55:53 PST"]
[Termination "GM_Levan_Pantsulaia won on time"]

1. Nf3 d5 2. g3 c6 3. c4 Bg4 4. Bg2 e6 5. O-O Nf6 6. d3 Be7 7. Nc3 O-O 8. h3 Bxf3 9. Bxf3 Nbd7 10. Bg2 Re8 11. Qc2 Rc8 12. a3 Ne5 13. b3 a5 14.
Bb2 Ng6 15. Rad1 h5 16. e3 b5 17. Ne2 Qb6 18. Rc1 bxc4 19. bxc4 Rb8 20. Rb1 Qb3 21. Qxb3 Rxb3 22. Bxf6 Rxb1 23. Rxb1 gxf6 24. Rb3 a4 25.
Rb6 Ne5 26. cxd5 cxd5 27. Nf4 Bxa3 28. Ra6 Be7 29. Rxa4 h4 30. g4 Rb8 31. Ra1 Ng6 32.
Nh5 Ne5 33. d4 Nc4 34. Bf1 Nd2 35. Be2 Rb1+ 36. Rxb1 Nxb1 37. Nf4 Nd2 38. Ng2 f5 39. gxf5 exf5 40. Nf4 Kg7 41. Nxd5 Bd6 42. Kg2 Kg6 43. Bd3 Kg5 44. f4+ Kg6 45. Nb6 Ne4 46. Nc4 Bc7 47. Ne5+ Kf6 48. Nf3 1-0

[Event "*** Titled Tuesday Blitz"]
[Site "Chess.com"]
[Date "2020.11.24"]
[Round "4"]
[White "Ariadna_Atreides"]
[Black "IceBelka"]
[Result "0-1"]
[WhiteElo "2108"]
[BlackElo "2320"]
[TimeControl "180+1"]
[EndTime "10:55:53 PST"]
[Termination "IceBelka won by checkmate"]

1. d4 d5 2. Nf3 Nf6 3. c4 e6 4. Nc3 c6 5. e3 Ne4 6. Qc2 f5 7. Bd3 Bd6 8. Bd2 Nd7 9. O-O-O O-O 10. Rdf1 Ndf6 11. Ne5 Bxe5 12. dxe5 Nd7 13. f4 Ndc5 14. Nxe4 dxe4 15. Be2 Nd3+ 16. Kb1 c5 17. g4 Bd7 18.
gxf5 exf5 19. Rhg1 Bc6 20. Bc3 Qe7 21. e6 g6 22. Ka1 Qxe6 23. h4 a6 24. h5 Be8 25.
hxg6 Bxg6 26. Bxd3 exd3 27. Qxd3 Rad8 28. Qe2 Rfe8 29.
Rg3 Rd6 30. Rfg1 Qd7 31. a3 b5 32. Qg2 Ree6 33. Qh2 b4 34. axb4 cxb4 35. Bxb4 Qa4+ 36.
Ba3 Rd1+ 37. Rxd1 Qxd1+ 38. Ka2 Qd3 39. Qh4 Qxc4+ 40. Kb1 Qd3+ 41. Ka2 Rc6 42. Qh6 Qd5+ 43. Kb1 Qe4+ 44. Ka2 Qc4+ 45. Kb1 Qd5 46. Ka1 Rc1# 0-1

[Event "*** Titled Tuesday Blitz"]
[Site "Chess.com"]
[Date "2020.11.24"]
[Round "4"]
[White "Quiet_Desperation"]
[Black "Trickov"]
[Result "1-0"]
[WhiteElo "1674"]
[BlackElo "2352"]
[TimeControl "180+1"]
[EndTime "10:55:54 PST"]
[Termination "Quiet_Desperation won by checkmate"]

1. Nf3 d5 2. b3 Nf6 3. Bb2 g6 4. e3 Bg7 5. d4 O-O 6. Nbd2 Bf5 7. h3 h6 8. Be2 a5 9. a3 c6 10. O-O g5 11. Ne5 Nbd7 12. f4 e6 13. Bd3 Bxd3 14. Nxd3 Ne4 15. Nxe4 dxe4 16. Ne5 f6 17. Nc4 b5 18. Nd2 f5 19. c4 a4 20. b4 Nb6 21.
Qc2 Rc8 22. Rad1 Qd7 23. Kh1 Rfd8 24. Bc3 Qf7 25. g4 Qg6 26. fxg5 hxg5 27. d5 Bxc3 28. Qxc3 cxd5 29. c5 Nc4 30. Nxc4 dxc4 31. Qe5 Rd3 32. gxf5 exf5 33. Rxd3 exd3 34. Rxf5 d2 35. Qd5+ Kh7 36.
Qd7+ Kh6 37. Rf1 Rf8 38. Rxf8 Qb1+ 39. Kg2 d1=Q 40. Rh8+ Kg6 41. Qe6+ Kg7 42. Qh6+ Kf7 43. Rf8+ Ke7 44. Qf6+ Kd7 45. Rd8+ Kc7 46. Qb6# 1-0

[Event "*** Titled Tuesday Blitz"]
[Site "Chess.com"]
[Date "2020.11.24"]
[Round "4"]
[White "YoungMegaMind"]
[Black "PIwan"]
[Result "0-1"]
[WhiteElo "2295"]
[BlackElo "2559"]
[TimeControl "180+1"]
[EndTime "10:55:55 PST"]
[Termination "PIwan won on time"]

1. d4 d5 2. c4 dxc4 3. Nf3 Nf6 4. e3 b5 5. a4 b4 6. Bxc4 e6 7. O-O Bb7 8. Nbd2 Nbd7 9. a5 a6 10. Nb3 c5 11. Qe2 Be7 12. Rd1 Qc7 13. Bd2 O-O 14. Rac1 Ng4 15. h3 Bxf3 16. Qxf3 Qh2+ 17. Kf1 Ngf6 18. e4 Qb8 19. e5 Ne8 20. Qc6 Ra7 21.
Bxa6 cxd4 22. f4 Nxe5 23. fxe5 Qxe5 24. Bd3 Nd6 25. Qf3 f5 26. Re1 Qf6 27. Bf4 Ne4 28.
Kg1 e5 29. Bh2 Ng5 30. Qd5+ Kh8 31. Qxe5 Qg6 32. Kh1 Bf6 33. Qg3 Qh6 34. Qf4 Qh5 35. Be2 Qg6 36. Bf3 Raf7 37. Rcd1 Ne4 38. Bxe4 Bg5 39. Qf2 fxe4 40. Qxd4 e3 41. Qd3 Qxd3 42. Rxd3 Rf1+ 43. Rxf1 Rxf1+ 44. Bg1 e2 45. Rf3 Rxg1+ 0-1

[Event "*** Titled Tuesday Blitz"]
[Site "Chess.com"]
[Date "2020.11.24"]
[Round "4"]
[White "shaheus"]
[Black "Kopytkin"]
[Result "0-1"]
[WhiteElo "2214"]
[BlackElo "2436"]
[TimeControl "180+1"]
[EndTime "10:55:55 PST"]
[Termination "Kopytkin won on time"]

1. e4 Nf6 2. Nc3 d5 3. e5 Ne4 4. Nf3 Bg4 5. Be2 e6 6. h3 Bh5 7.
O-O Be7 8. d4 Nxc3 9. bxc3 c5 10. Be3 Nc6 11. Qd2 O-O 12. Rfd1 Qa5 13. Rab1 Rab8 14.
Rb5 Qc7 15. Rdb1 c4 16. a4 b6 17. Bg5 Rb7 18. Bxe7 Qxe7 19. Nh2 Bg6 20. Ng4 Rfb8 21.
Ne3 a6 22. R5b2 b5 23. axb5 Rxb5 24. Rxb5 Rxb5 25. Rxb5 axb5 26. f4 Be4 27. Kf2 Qa3 28. Bf3 Bxf3 29. Kxf3 Qa5 30. Ke2 Qa1 31. f5 b4 32. fxe6 fxe6 33. cxb4 Nxd4+ 34. Kf2 Nb5 35. Nxd5 Qxe5 36. Ne3 Qf4+ 37. Kg1 Qd4 38. Qf2 Nd6 39. Qf3 c3 40. Qa8+ Kf7 41. Qf3+ Ke7 42. Kh2 Qxb4 43.
Ng4 Qe4 44. Qg3 g5 45. Qxc3 Qf4+ 46. Kg1 Nf5 47. Qc7+ Qxc7 0-1

[Event "*** Titled Tuesday Blitz"]
[Site "Chess.com"]
[Date "2020.11.24"]
[Round "4"]
[White "gumimis"]
[Black "SanchezKelvin"]
[Result "0-1"]
[WhiteElo "2282"]
[BlackElo "2466"]
[TimeControl "180+1"]
[EndTime "10:55:56 PST"]
[Termination "SanchezKelvin won on time"]

1. e4 c5 2. Nf3 d6 3. d4 cxd4 4. Nxd4 Nf6 5. Nc3 g6 6. Be3 Bg7 7. f3 O-O 8. Qd2 Nc6 9. g4 Nxd4 10. Bxd4 Be6 11. h4 Qa5 12. h5 Rfc8 13. a3 Rab8 14. h6 Bh8 15. g5 Nd7 16. Bxh8 Kxh8 17. f4 Qc5 18. Bd3 b5 19. Rf1 Bh3 20. Rf3 Qg1+ 21. Bf1 Bxf1 22. O-O-O Qc5 23. Rfxf1 b4 24. axb4 Rxb4 25.
f5 Ne5 26. fxg6 hxg6 27. Qd5 Qe3+ 28. Rd2 Qxg5 29. Rxf7 Nxf7 30. Qxf7 Qf6 31. Qxf6+ exf6 32. Rxd6 Rf8 33. Rd7 f5 34. exf5 gxf5 35. Nd5 Rd4 36.
c3 Rh4 37. Rd6 f4 38. Ne7 Kh7 39. Rd7 Rf7 40. Rxa7 Rxh6 41. Kd2 Re6 42. Nc6 Rxa7 43. Nxa7 f3 44. Nb5 f2 45. Nd4 Re4 46. Ne6 Rxe6 0-1

[Event "*** Titled Tuesday Blitz"]
[Site "Chess.com"]
[Date "2020.11.24"]
[Round "4"]
[White "ama18"]
[Black "Hercog"]
[Result "1-0"]
[WhiteElo "2457"]
[BlackElo "2278"]
[TimeControl "180+1"]
[EndTime "10:55:56 PST"]
[Termination "ama18 won on time"]

1. e4 c6 2. d4 d5 3. e5 Bf5 4. Nc3 e6 5. g4 Bg6 6. Nge2 c5 7. h4 h5 8. Nf4 Bh7 9. g5 Bf5 10. Nxh5 cxd4 11. Nb5 Nc6 12. Ng3 Bh7 13. Nxd4 Nge7 14. f4 Qb6 15. c3 Nxd4 16. Qxd4 Qxd4 17. cxd4 Nc6 18. Be3 Bb4+ 19. Kf2 Rc8 20. Bb5 Ke7 21.
a3 Ba5 22. Rac1 Bb6 23. Bxc6 Rxc6 24. Rxc6 bxc6 25. Rc1 Kd7 26. h5 Bd3 27. Rc3 Bb1 28.
Rc1 Bd3 29. Rd1 Bc2 30. Rh1 Bd8 31. Ke1 Be7 32. Kd2 Bh7 33. g6 Bg8 34. Bg1 f6 35.
f5 exf5 36. Nxf5 fxe5 37. dxe5 Bg5+ 38. Be3 Bxe3+ 39. Kxe3 Be6 40. Nxg7 c5 41. h6 d4+ 42. Ke4 Bb3 43. Nf5 1-0

[Event "*** Titled Tuesday Blitz"]
[Site "Chess.com"]
[Date "2020.11.24"]
[Round "4"]
[White "mr_gustavo"]
[Black "AungTZ"]
[Result "0-1"]
[WhiteElo "2390"]
[BlackElo "2131"]
[TimeControl "180+1"]
[EndTime "10:55:56 PST"]
[Termination "AungTZ won by resignation"]

1. e4 c5 2. Nf3 Nc6 3. d4 cxd4 4. Nxd4 Nf6 5. Nc3 d6 6. Bg5 e6 7. Qd2 a6 8. O-O-O h6 9. Bh4 Nxe4 10. Qf4 Ng5 11.
Nxc6 bxc6 12. Ne4 e5 13. Bxg5 hxg5 14. Qxg5 Qxg5+ 15. Nxg5 Be7 16. Nf3 Be6 17. c4 O-O 18. b3 a5 19. Kb2 a4 20. Be2 axb3 21. axb3 f6 22. Ra1 d5 23. Rxa8 Rxa8 24. Ra1 Rxa1 25. Kxa1 d4 26. Kb2 c5 27. Nd2 f5 28. f3 Bd7 29. Bd3 g6 30. h3 Bg5 31. Kc2 Bc6 32. g4 Bxd2 33. Kxd2 e4 34. fxe4 fxe4 35. Be2 Kg7 36.
h4 Kf6 37. h5 gxh5 38. gxh5 Kg5 39. Bd1 Be8 40. b4 cxb4 41. c5 Bb5 42. Bc2 e3+ 43. Ke1 d3 44. Bb3 d2+ 45. Kd1 Be8 46. Bd5 Bxh5+ 47.
Kc2 d1=Q+ 48. Kb2 0-1

[Event "*** Titled Tuesday Blitz"]
[Site "Chess.com"]
[Date "2020.11.24"]
[Round "4"]
[White "Escanor89"]
[Black "Lestofante90"]
[Result "0-1"]
[WhiteElo "2518"]
[BlackElo "2801"]
[TimeControl "180+1"]
[EndTime "10:55:57 PST"]
[Termination "Lestofante90 won on time"]

1. Nf3 Nf6 2. c4 g6 3. Nc3 Bg7 4. g3 O-O 5. Bg2 d6 6. d4 Nc6 7. O-O e5 8. dxe5 dxe5 9. Bg5 Be6 10. Qa4 Qc8 11. Rfd1 Nd7 12. Nd5 f5 13. Qxc6 bxc6 14. Ne7+ Kh8 15. Nxc8 Rfxc8 16. Be3 Nf8 17. b3 h6 18. h4 a5 19. Rac1 a4 20. b4 a3 21.
Rc3 Rcb8 22. b5 e4 23. Nd4 cxb5 24. cxb5 Bxa2 25. Ra1 Ne6 26. Rxa2 Bxd4 27. Rcxa3 Rxa3 28. Rxa3 Bxe3 29. Rxe3 Rxb5 30. Rc3 Kg7 31. Rc6 Rb6 32. Rc4 Kf6 33. f3 Ke5 34. fxe4 f4 35. Kf2 fxg3+ 36.
Kxg3 Rb3+ 37. Kf2 h5 38. Bf3 c5 39. Ra4 Rb4 40. Ra8 c4 41. Rg8 Rb5 42. Rxg6 c3 43. Rg1 Nd4 44. Rc1 Rc5 45. e3 Nb3 46. Rc2 Na1 47.
Rc1 Nb3 48. Rc2 Kd6 0-1

[Event "*** Titled Tuesday Blitz"]
[Site "Chess.com"]
[Date "2020.11.24"]
[Round "4"]
[White "Roman_Ovetchkin"]
[Black "J36225"]
[Result "1-0"]
[WhiteElo "2622"]
[BlackElo "2457"]
[TimeControl "180+1"]
[EndTime "10:55:57 PST"]
[Termination "Roman_Ovetchkin won by resignation"]

1. d4 Nf6 2. c4 e6 3. Nf3 d5 4.
g3 dxc4 5. Bg2 a6 6. O-O Nc6 7. Nc3 Rb8 8. e4 Be7 9. d5 Nb4 10. Ne5 exd5 11. exd5 O-O 12. Nxc4 Bf5 13. Ne3 Bg6 14.
Bd2 Nd3 15. b3 Bb4 16. a3 Bc5 17. b4 Bd4 18. Qb3 Ne5 19. Rad1 b5 20. Bc1 Bxe3 21.
Bxe3 Bd3 22. Rfe1 Bc4 23. Qc2 Re8 24. h3 Ned7 25. Bf4 Rxe1+ 26. Rxe1 Nb6 27. Rd1 h6 28. d6 cxd6 29. Rxd6 Qe8 30. Rxf6 gxf6 31. Bxb8 Qxb8 32. Ne4 Qe5 33. Nc5 a5 34. bxa5 Qxc5 35. axb6 Qxb6 36. Qc3 Qe6 37. h4 Qe5 38. Qxe5 fxe5 39.
f4 f6 40. Kf2 Kf7 41. fxe5 fxe5 42. g4 Ke6 43. Ke3 Kf6 44. Be4 Ke6 45. Bd3 Kd5 46.
g5 hxg5 47. hxg5 Ke6 48. Bxc4+ bxc4 49. a4 Kf5 50. a5 Kxg5 51. a6 Kf6 52. a7 Kf5 53.
a8=Q e4 1-0

[Event "*** Titled Tuesday Blitz"]
[Site "Chess.com"]
[Date "2020.11.24"]
[Round "4"]
[White "TrickyFortem"]
[Black "tvjosue"]
[Result "1-0"]
[WhiteElo "2492"]
[BlackElo "2637"]
[TimeControl "180+1"]
[EndTime "10:55:58 PST"]
[Termination "TrickyFortem won on time"]

1. d4 Nf6 2. c4 e6 3. Nf3 b6 4. g3 Ba6 5. b3 d5 6. Bg2 c6 7. O-O dxc4 8. Ne5 cxb3 9. Nxc6 Qc8 10. Nxb8 Rxb8 11. axb3 Bd6 12. Ba3 Bxa3 13. Nxa3 O-O 14. Nc2 Rd8 15. Nb4 Bb7 16. Rxa7 Bxg2 17. Kxg2 e5 18.
Qc1 Qe6 19. dxe5 Qxe5 20. Nc6 Qe4+ 21. Kg1 Ra8 22. Nxd8 Rxa7 23. Rd1 Qxe2 24. Re1 Qf3 25. Qc4 h5 26. Nc6 Ra2 27. Rf1 Ne4 28. Ne5 Qf5 29. Qd5 Ng5 30. Qd8+ Kh7 31. Qd3 Nh3+ 32. Kg2 Qxd3 33.
Nxd3 Ng5 34. Ne5 f6 35. Nc4 b5 36. Nd6 b4 37. Nc4 Rc2 38. h4 Rc3 39. hxg5 fxg5 40. Nd6 Rxb3 41. Ne4 Kg6 42. Rc1 Rb2 43. Rc6+ Kf5 44.
Kf3 g4+ 45. Ke3 Rb3+ 46. Kd4 Rf3 47. Rc5+ Ke6 48. Ng5+ 1-0

[Event "*** Titled Tuesday Blitz"]
[Site "Chess.com"]
[Date "2020.11.24"]
[Round "4"]
[White "GukeshDommaraju"]
[Black "Bacyanide"]
[Result "1-0"]
[WhiteElo "2885"]
[BlackElo "2421"]
[TimeControl "180+1"]
[EndTime "10:55:59 PST"]
[Termination "GukeshDommaraju won by resignation"]

1. e4 c6 2. d3 d5 3. Nd2 e5 4. Ngf3 Bd6 5. d4 exd4 6. exd5 cxd5 7. Nb3 Nf6 8. Be2 O-O 9. O-O Re8 10. Nbxd4 Nc6 11.
c3 h6 12. Re1 Bg4 13. Be3 Rc8 14. h3 Bd7 15. Bd3 Bb8 16. Nxc6 bxc6 17. Bc5 Qc7 18.
Qc2 Qf4 19. Be3 Qd6 20. Bf5 Ne4 21. Bxd7 Qxd7 22. Nd2 Qd6 23. Nf1 f5 24. Rad1 f4 25. Bc1 f3 26. gxf3 Qg6+ 27. Ng3 Bxg3 28. fxg3 Qxg3+ 29. Qg2 Qxg2+ 30. Kxg2 Nd6 31. b3 Nf5 32. Kf2 Kf7 33. Ba3 Re6 34. Rxe6 Kxe6 35. Re1+ Kf6 36. Bc5 a6 37. a4 Rb8 38. b4 g5 39. f4 gxf4 40. Kf3 Rg8 41. Kxf4 Rg3 42. Bd4+ Kg6 43. Re6+ Kf7 44. Rf6+ Ke7 45. Rxf5 Rxh3 46. Re5+ Kd7 47. Kg4 Rh1 48. Rh5 Ra1 49. a5 c5 50. Rxd5+ Kc6 51. Rxc5+ Kb7 52. Rh5 Rd1 53. Rxh6 Rd3 54. Kf5 1-0

[Event "*** Titled Tuesday Blitz"]
[Site "Chess.com"]
[Date "2020.11.24"]
[Round "4"]
[White "VladaSviridova"]
[Black "Nadeev_Sergey"]
[Result "0-1"]
[WhiteElo "2280"]
[BlackElo "2463"]
[TimeControl "180+1"]
[EndTime "10:55:59 PST"]
[Termination "Nadeev_Sergey won by resignation"]

1. d4 Nf6 2. c4 c6 3. Nc3 d5 4. Nf3 dxc4 5. a4 Bf5 6. Ne5 e6 7. f3 c5 8. e4 Bg6 9. dxc5 Qxd1+ 10.
Nxd1 Bxc5 11. Bxc4 Nbd7 12. Nxd7 Bb4+ 13. Kf2 Nxd7 14.
h4 h5 15. Ne3 Rc8 16. Rd1 Ke7 17. Bd2 Bxd2 18. Rxd2 Rhd8 19. Rad1 Ne5 20. Be2 Rxd2 21. Rxd2 Nc6 22. Bb5 Nb8 23. Rc2 Rxc2+ 24. Nxc2 f6 25. Ke3 a6 26. Be2 Be8 27. b3 Bc6 28. f4 Be8 29.
Nd4 Kd6 30. g3 g6 31. Bc4 Bd7 32. Nf3 Nc6 33. Nd4 Nxd4 34. Kxd4 e5+ 35. fxe5+ fxe5+ 36. Kc3 Be8 37. Bd5 b6 38. Kc4 a5 39. Kc3 Kc5 40.
Kd3 Kb4 41. Ke3 Bd7 42. Bf7 Bg4 43. Bxg6 Kxb3 44. Bf5 Bd1 45. g4 Kb4 46. g5 Bxa4 47.
g6 Be8 48. g7 Bf7 49. Bg6 Bg8 50. Bxh5 a4 51. Bg6 a3 52. h5 a2 53. h6 a1=Q 54.
h7 Qg1+ 55. Kf3 Bxh7 56. Bxh7 Qxg7 57. Bf5 Qg5 0-1

[Event "*** Titled Tuesday Blitz"]
[Site "Chess.com"]
[Date "2020.11.24"]
[Round "4"]
[White "levallem"]
[Black "akanga001"]
[Result "1-0"]
[WhiteElo "2240"]
[BlackElo "1950"]
[TimeControl "180+1"]
[EndTime "10:55:59 PST"]
[Termination "levallem won on time"]

1. d4 Nf6 2. c4 b6 3. Nc3 Bb7 4. f3 d6 5. e4 Nbd7 6. Be3 e5 7.
Nge2 Be7 8. g3 a6 9. Bg2 O-O 10. O-O Re8 11. b4 Bf8 12. Qb3 g6 13. a4 Bg7 14. a5 exd4 15. Bxd4 Ne5 16. axb6 cxb6 17. Nd5 Nxd5 18. cxd5 b5 19. f4 Nc4 20. Bxg7 Kxg7 21. Nd4 Qb6 22. Qc3 Rac8 23. Kh1 Kg8 24. Qd3 Nb2 25. Qd2 Nc4 26. Qf2 a5 27. bxa5 Nxa5 28.
Rfb1 b4 29. h4 Rc3 30. Kh2 Rec8 31. Qd2 R3c4 32. Rd1 Rxd4 33. Qxd4 Qxd4 34. Rxd4 Nb3 35. Rxb4 Nxa1 36. Rxb7 Rc2 37. Rd7 Nb3 38. Rxd6 Nd4 39. Kh3 h5 40. e5 Rc3 41. Rd8+ Kg7 42. d6 Nf5 43. d7 Rd3 44. Be4 Rxg3+ 45. Kh2 Rg4 46.
Bxf5 gxf5 47. Rg8+ 1-0

[Event "*** Titled Tuesday Blitz"]
[Site "Chess.com"]
[Date "2020.11.24"]
[Round "4"]
[White "chess94cu"]
[Black "Durarbayli"]
[Result "1-0"]
[WhiteElo "2525"]
[BlackElo "2739"]
[TimeControl "180+1"]
[EndTime "10:56:00 PST"]
[Termination "chess94cu won on time"]

1. e4 c5 2. Nf3 d6 3. d4 cxd4 4. Nxd4 Nf6 5. Nc3 Nc6 6. Bg5 Qb6 7. Nb3 e6 8. Qd2 a6 9. O-O-O Be7 10. f3 Qc7 11. g4 b5 12. Kb1 b4 13. Ne2 h5 14.
Bxf6 gxf6 15. gxh5 Bd7 16. h6 a5 17. Ned4 Nxd4 18.
Nxd4 Qc5 19. h4 a4 20. f4 Bf8 21. h7 Rxh7 22. f5 e5 23. Nf3 Bc6 24. Bd3 a3 25. b3 Bh6 26. Qe1 Rg7 27. Nd2 Qd4 28.
Nc4 Ke7 29. Qxb4 Rgg8 30. Be2 Qc5 31. Qxc5 dxc5 32. Bf3 Rg3 33. Rd6 Rc8 34. Rf1 Rxf3 35. Rxf3 Bxe4 36. Rf1 Rg8 37. Rdd1 Rg2 38. Nxa3 Bf4 39. Rde1 Bd5 40. Rxf4 Kd6 41. Rff1 e4 42. Rd1 Ke5 43. Rfe1 1-0

[Event "*** Titled Tuesday Blitz"]
[Site "Chess.com"]
[Date "2020.11.24"]
[Round "4"]
[White "ftorodent"]
[Black "FLamps8"]
[Result "1-0"]
[WhiteElo "2652"]
[BlackElo "2474"]
[TimeControl "180+1"]
[EndTime "10:56:00 PST"]
[Termination "ftorodent won by resignation"]

1. d4 d5 2. c4 c6 3. cxd5 cxd5 4. Bf4 Nc6 5. e3 a6 6. Nc3 Nf6 7.
Bd3 Bg4 8. Nge2 e6 9. O-O Bd6 10. Bxd6 Qxd6 11. f3 Bh5 12. Rc1 Bg6 13. Nf4 Bxd3 14.
Nxd3 O-O 15. Na4 e5 16. dxe5 Nxe5 17. Nxe5 Qxe5 18. Qd4 Rfe8 19. Rfe1 Re7 20. Qxe5 Rxe5 21. Kf2 Re7 22. Rc3 Rae8 23. Rd3 Rc7 24. Nc3 Re5 25. Red1 Rce7 26. Nxd5 Nxd5 27. Rxd5 Rxe3 28. Rd8+ Re8 29. Rxe8+ Rxe8 30. Rd7 Rb8 31. Ke3 g6 32. b4 b6 33.
a4 Rc8 34. Rd6 Rc3+ 35. Kd4 Ra3 36. Rxb6 Rxa4 37. Kc5 Ra2 38. g4 Kg7 39. h4 h5 40.
gxh5 gxh5 41. Rd6 f6 42. Rd4 Kg6 43. Rf4 Ra4 44. Rd4 Ra3 45. Kb6 Kf5 46. Rd5+ Kg6 47. f4 Rh3 48. f5+ Kf7 49. Rd7+ Ke8 50. Rd4 Ra3 51. Rd5 Ra4 52. Kc5 Ke7 53. Rd6 Rxb4 1-0